 Dungeon Crawl Stone Soup version 0.25.0-11-g1f837a7 (webtiles) character file.

Game seed: 7187847335772850935

1095 Brutalitops the Sneak (level 8, -3/56 HPs)
             Began as a Human Enchanter on June 25, 2020.
             Was an Elder of Zin.
             Killed from afar by Blork the orc (7 damage)
             ... with a magic dart
             ... on level 6 of the Dungeon.
             The game lasted 00:36:02 (8074 turns).

Brutalitops the Sneak (Human Enchanter)             Turns: 8074, Time: 00:36:03

Health: -3/56      AC:  3    Str:  9    XL:     8   Next: 57%
Magic:  9/23       EV: 13    Int: 17    God:    Zin [****..]
Gold:   194        SH:  0    Dex: 14    Spells: 9/15 levels left

rFire    . . .     SeeInvis .   n - +1 dagger (speed)
rCold    + . .     Gourm    .   (no shield)
rNeg     . . .     Faith    .   u - +0 robe {rC+}
rPois    +         Spirit   .   l - +0 helmet
rElec    .         Reflect  .   (no cloak)
rCorr    .         Harm     .   (no gloves)
MR       .....                  (no boots)
Stlth    +++.......             (no amulet)
HPRegen  0.18/turn              k - ring of poison resistance
MPRegen  0.18/turn              g - ring of magical power

@: about to teleport, very slightly contaminated
A: no striking features
a: Recite, Vitalisation, Imprison, Donate Gold, Renounce Religion


You were on level 6 of the Dungeon.
You worshipped Zin.
Zin was greatly pleased with you.
You were not hungry.

You visited 1 branch of the dungeon, and saw 6 of its levels.
You also visited: Ossuary.

You collected 300 gold pieces.
You donated 106 gold pieces to Zin.

Inventory:

Hand Weapons
 a - a +1 dagger
 m - a +0 short sword
 n - a +1 dagger of speed (weapon)
Missiles
 e - 30 poisoned darts (quivered)
 j - 10 curare-tipped darts
Armour
 b - a +1 robe
 l - a +0 helmet (worn)
 u - a +0 robe of cold resistance (worn)
Magical Staves
 t - an uncursed staff of cold
Jewellery
 g - a ring of magical power (right hand)
 k - a ring of poison resistance (left hand)
Wands
 f - a wand of enslavement (9)
 o - a wand of digging (3)
 x - a wand of disintegration (13)
Scrolls
 v - a scroll of remove curse
Potions
 c - 3 potions of cancellation
 h - 2 potions of brilliance {unknown}
 i - 2 potions of curing
 p - a potion of stabbing {unknown}
 q - a potion of resistance {unknown}
 r - a potion of haste {unknown}
 w - a potion of magic
Comestibles
 d - 9 rations


   Skills:
 + Level 1.9 Fighting
 + Level 3.4 Short Blades
 + Level 0.3 Throwing
 + Level 2.9 Dodging
 + Level 5.8 Stealth
 + Level 4.0 Spellcasting
 + Level 4.5 Hexes
 + Level 2.8 Ice Magic
 * Level 3.2 Invocations


You had 9 spell levels left.
You knew the following spells:

 Your Spells              Type           Power        Failure   Level  Hunger
a - Corona                Hex            ###....      2%          1    None
b - Ensorcelled Hibernat  Hex/Ice        ###...       5%          2    ##.....
c - Tukima's Dance        Hex            ###.....     8%          3    ###....

Your spell library contained the following spells:

 Spells                   Type           Power        Failure   Level  Hunger
 Confusing Touch          Hex            ###.....     8%          3    ###....
 Animate Skeleton         Necr           N/A          16%         1    None
 Apportation              Tloc           #.....       16%         1    None
 Summon Small Mammal      Summ           #...         16%         1    None
 Dazzling Flash           Conj/Hex       ##....       19%         3    ###....


Dungeon Overview and Level Annotations

Branches:
Dungeon (6/15)            Ossuary (visited)
 Temple: D:4-7

Altars:
Trog
Wu Jian
Zin

Shops:
D:5 (

Annotations:
D:6 Blork the orc


Message History

Aiming: Ensorcelled Hibernation (safe; 5% risk of failure)
Press: ? - help, Shift-Dir - straight line, f/p - Blork the orc
Aim: Blork the orc, wielding a +0 short sword and wearing a cursed +0 robe (heavily wounded, fast, chance to defeat MR: 46%) Blork the orc resists with some effort.
The adder zombie bites you but does no damage.
Blork the orc hits you with a +0 short sword.
* * * LOW HITPOINT WARNING * * *
Okay, then.
As you read the scroll of teleportation, it crumbles to dust.
You feel strangely unstable.
Blork the orc hits you with a +0 short sword!
* * * LOW HITPOINT WARNING * * *
The adder zombie bites you but does no damage.
Blork the orc hits you with a +0 short sword.
* * * LOW HITPOINT WARNING * * *
The adder zombie misses you. The adder zombie closely misses you.
Blork the orc points at you and mumbles some strange words.
The magic dart hits you!
You die...

'#...#..........#******,,*,,,,,,,
.#...#.###########*****,,,,**,,,,
.###..............,,,***,,,***,,,
...+.....##.....##**,,,,,,,,,,,,,
.###..(..........#####*,,.,,,,,,,
.#...................,,,..,,,,,,,
+#....?............#**,...,,,,,,,
...................###....,,,,,,,
................@.........,,,,,,,
..................#.......,,,,,,*
............(.†(.Zo)###.,,,,,,*,,
.............(...####*,,,,,,,,,*,
..##.$...#......## *,,,,,,,,,*,
,,*#########.#### *,,,,,,,,,*,
,,,,,,,,,**#.#********,,,,,,,,,*,
,,******,,,...,,,,,*,,,,,,,,,,,*,
,,* ***####****,,,,,,,,,,,,***


You could see Blork the orc (fast) and an adder zombie.

Vanquished Creatures
  An ice beast (D:5)
  A black bear (D:6)
  2 centaurs (D:6)
  An elf zombie (Ossuary)
  A bullfrog (D:3)
  A quasit (D:5)
  A centaur zombie (D:5)
  3 hounds (D:6)
  2 centaur skeletons (D:5)
  Natasha (thrice) (D:3)
  3 worker ants
  A hound zombie (D:6)
  3 gnolls
  10 adders
  An ooze (D:2)
  2 adder skeletons (D:5)
  2 worms (D:3)
  4 dart slugs
  7 leopard geckos
  An orc (D:3)
  5 giant cockroaches
  11 hobgoblins
  9 jackals
  13 kobolds
  2 quokkas
  A ball python (D:3)
  5 bats
  7 frilled lizards
  8 goblins
  3 goblin zombies (Ossuary)
  7 hobgoblin zombies (Ossuary)
  9 kobold zombies (Ossuary)
  A leopard gecko skeleton (D:4)
  6 orc zombies (Ossuary)
  8 rats
  2 rat zombies (Ossuary)
147 creatures vanquished.

Vanquished Creatures (others)
  A wizard (D:4)
1 creature vanquished.

Grand Total: 148 creatures vanquished

Notes
Turn   | Place    | Note
-------+----------+-------------------------------------------
     0 | D:1      | Brutalitops the Human Enchanter began the quest for the
                  | Orb.
     0 | D:1      | Reached XP level 1. HP: 13/13 MP: 3/3
   160 | D:1      | Reached XP level 2. HP: 19/19 MP: 5/5
   164 | D:1      | Learned a level 2 spell: Ensorcelled Hibernation
   647 | D:1      | Reached XP level 3. HP: 24/24 MP: 6/6
   873 | D:1      | Reached skill level 1 in Ice Magic
  1853 | D:2      | Reached XP level 4. HP: 19/30 MP: 0/7
  2079 | D:2      | Found an ornate altar of the Wu Jian Council.
  3131 | D:3      | Reached XP level 5. HP: 36/36 MP: 7/9
  3159 | D:3      | Noticed a bullfrog
  3250 | D:3      | Killed a bullfrog
  3250 | D:3      | Reached skill level 4 in Stealth
  3702 | D:3      | Reached XP level 6. HP: 42/42 MP: 5/10
  3710 | D:3      | Learned a level 3 spell: Tukima's Dance
  3953 | D:3      | Found a faded altar of an unknown god.
  3967 | D:3      | Became a worshipper of Zin the Law-Giver
  3967 | D:3      | Reached * piety under Zin
  3967 | D:3      | Reached ** piety under Zin
  3986 | D:3      | Noticed Natasha
  4027 | D:3      | Killed Natasha
  4028 | D:3      | Donated 76 gold pieces to Zin
  4119 | D:3      | Noticed Natasha
  4126 | D:3      | Killed Natasha
  4149 | D:3      | Noticed Natasha
  4214 | D:3      | Killed Natasha
  4625 | D:4      | Found a bloodstained altar of Trog.
  4626 | D:4      | Noticed a wizard
  4633 | D:4      | Killed a wizard
  5016 | D:4      | Reached skill level 1 in Invocations
  5159 | D:5      | Entered Level 5 of the Dungeon
  5186 | D:5      | Reached skill level 5 in Stealth
  5186 | D:5      | Reached XP level 7. HP: 38/47 MP: 4/12
  5837 | D:5      | Reached *** piety under Zin
  5981 | D:5      | Reached skill level 1 in Fighting
  6636 | D:5      | Found Feff's Weapon Shoppe.
  6992 | D:6      | Reached XP level 8. HP: 44/54 MP: 6/13
  7045 | D:6      | Found a sand-covered staircase.
  7051 | Ossuary  | Entered an ossuary
  7223 | Ossuary  | Reached **** piety under Zin
  8060 | D:6      | Noticed Blork the orc
  8074 | D:6      | Killed from afar by Blork the orc

Illustrated notes

Levels and vault maps discovered:
D:1:      dpeg_arrival_concentric_ovals, layout_basic
D:2:      layout_basic, marbit_many_paths, hangedman_decor_peaks_small,
          roderic_serpentine_path
D:3:      layout_basic, chequers_ecumenical_altar_simple_redux,
          serial_corexii_hall, chequers_hall_statues_corner_a,
          corexii_hall_statues_x, uniq_natasha
D:4:      layout_loops_ring, first_ration, trog_wizard
D:5:      layout_basic, serial_shops, shop, hangedman_decor_riveting
D:6:      layout_rooms, nicolae_ossuary_entry_plus, vehumet_altar_wand_db,
          uniq_blork_the_orc

Skill      XL: |  1  2  3  4  5  6  7  8 |
---------------+-------------------------+-----
Ice Magic      | 1 2 |  2.8
Stealth        | 4 5 |  5.8
Spellcasting   | 3 4 |  4.0
Invocations    | 1 2 3 |  3.2
Fighting       | 1 |  1.9
Short Blades   | 2 3 |  3.4
Hexes          | 4 |  4.5
Throwing       | |  0.3
Dodging        | |  2.9

Action                   |  1- 3 |  4- 6 |  7- 9 || total
-------------------------+-------+-------+-------++-------
Melee: Dagger            |   122 |    99 |   285 ||   506
Throw: Dart              |       |     2 |     6 ||     8
 Cast: Ensorcelled Hiber |    33 |    62 |    32 ||   127
       Corona            |       |       |    16 ||    16
Invok: Recite            |       |     2 |     8 ||    10
       Donate Gold       |       |     1 |       ||     1
Evoke: Wand              |       |       |     1 ||     1
  Use: Potion            |     2 |       |     2 ||     4
       Scroll            |     2 |     7 |     4 ||    13
 Stab: Sleeping          |    27 |    45 |    21 ||    93
       Distracted        |       |     1 |       ||     1
  Eat: Chunk             |     2 |    14 |     4 ||    20
       Ration            |     1 |       |     2 ||     3
Armor: Robe              |    19 |    18 |    27 ||    64
Dodge: Dodged            |    70 |    58 |   161 ||   289
